 Dungeon Crawl Stone Soup version 0.20.0-15-g7f486f2 (webtiles) character file.

96 tof the Skirmisher (level 4, -3/40 HPs)
             Began as a Draconian Fighter on June 24, 2017.
             Slain by an orc wizard
             ... wielding a +0 dagger
              (6 damage)
             ... on level 2 of the Dungeon.
             The game lasted 00:03:32 (1133 turns).

tof the Skirmisher (Draconian Fighter)              Turns: 1133, Time: 00:03:32

Health: -3/40      AC:  7    Str: 23    XL:     4   Next: 41%
Magic:  4/4        EV: 10    Int:  9    God:
Gold:   29         SH:  9    Dex: 11    Spells: 3/3 levels left

rFire    . . .     SeeInvis .   a - +0 long sword
rCold    . . .     Gourm    .   b - +0 shield
rNeg     . . .     Faith    .   (armour unavailable)
rPois    .         Spirit   .   (helmet restricted)
rElec    .         Reflect  .   (no cloak)
rCorr    .         Harm     .   p - +1 pair of gloves
MR       .....                  (no boots)
Stlth    +.........             (no amulet)
Regen    0.2/turn               (no ring)
MPRegen  0.1/turn               (no ring)

@: mighty
A: unfitting armour, cold-blooded, AC +5
a: no special abilities


You were on level 2 of the Dungeon.
You were not hungry.

You visited 1 branch of the dungeon, and saw 3 of its levels.

You collected 29 gold pieces.

Inventory:

Hand Weapons
 a - a +0 long sword (weapon)
Armour
 b - a +0 shield (worn)
 p - a +1 pair of gloves (worn)
Scrolls
 g - a scroll of identify {unknown}
 h - a scroll of remove curse {unknown}
 l - a scroll of fear {unknown}
 m - a scroll of enchant armour {unknown}
 n - a scroll of blinking {unknown}
Potions
 c - a potion of might
 e - 2 potions of brilliance {unknown}
 i - a potion of haste {unknown}
 j - a potion of ambrosia {unknown}
 o - a potion of curing {unknown}
 q - a potion of heal wounds {unknown}
Comestibles
 d - 3 bread rations
 f - 3 fruits
 k - a chunk of flesh


   Skills:
 + Level 4.0 Fighting
 * Level 3.0 Long Blades
 + Level 3.1 Dodging
 * Level 3.7 Shields


You had 3 spell levels left.
You didn't know any spells.

Dungeon Overview and Level Annotations

Branches:
Dungeon (3/15)

Altars:
Cheibriados
Trog


Innate Abilities, Weirdness & Mutations

Your plain brown scales are hard. (AC +5)
You cannot fit into any form of body armour.
You are cold-blooded and may be slowed by cold attacks.


Message History

The magic dart hits you!
* * * LOW HITPOINT WARNING * * *
You closely miss something. Something hits you but does no damage.
Something hits you.
* * * LOW HITPOINT WARNING * * *
You feel very mighty all of a sudden. Something hits you but does no damage.
Your shield prevents you from hitting something.
Your tail-slap misses something.
Something hits you.
* * * LOW HITPOINT WARNING * * *
Something hits you but does no damage.
You slash something!
Something hits you but does no damage. x2
You barely miss something. You block something's attack.
Something hits you but does no damage.
You barely miss something. You block something's attack.
You hear some strange, mumbled words.
A puff of flame appears from out of thin air!
The puff of flame misses you.
You closely miss something. You block something's attack. Something hits you.
You die...

#.# #.## #.#......
#(# #.# #.####...
#)# #.# #.# #.## #(#
#.# ###.####...
#(###.###...##.....
#..(...........##..
#...........####...
#.......รท..........
#.@..........#.####
#..{..............#
#..[...............
#..................
#...>.>............
#..................
#..................
##.................
##................


There were no monsters in sight!

Vanquished Creatures
  Robin (D:2)
  An adder (D:2)
  2 dart slugs (D:1)
  A leopard gecko (D:1)
  3 orcs (D:3)
  4 giant cockroaches
  11 goblins
  12 hobgoblins
  5 jackals
  6 kobolds
  A quokka (D:2)
  A ball python (D:2)
  4 bats
  5 frilled lizards
  5 rats
62 creatures vanquished.

Notes
Turn   | Place    | Note
-------+----------+-------------------------------------------
     0 | D:1      | tof the Draconian Fighter began the quest for the Orb.
     0 | D:1      | Reached XP level 1. HP: 19/19 MP: 1/1
   103 | D:1      | Found a snail-covered altar of Cheibriados.
   107 | D:1      | Reached XP level 2. HP: 26/26 MP: 2/2
   277 | D:1      | Reached XP level 3. HP: 17/33 MP: 3/3
   735 | D:2      | Reached skill level 4 in Fighting
   802 | D:2      | Found a bloodstained altar of Trog.
   840 | D:2      | Noticed Robin
   870 | D:2      | Killed Robin
   870 | D:2      | Reached XP level 4. HP: 30/40 MP: 4/4
  1129 | D:2      | HP: 2/40 [something (1)]
  1133 | D:2      | Slain by an orc wizard

Skill      XL: |  1  2  3  4 |
---------------+-------------+-----
Dodging        | 3 |  3.1
Fighting       | 4 |  4.0
Long Blades    | 3 |  3.0
Shields        | |  3.7

Action                   |  1- 3 |  4- 6 || total
-------------------------+-------+-------++-------
Melee: Long sword        |   125 |    34 ||   159
       Tailslap          |    17 |     2 ||    19
  Use: Potion            |       |     1 ||     1
 Stab: Sleeping          |     1 |       ||     1
  Eat: Chunk             |       |     1 ||     1
Armor: Skin              |    44 |    17 ||    61
Dodge: Dodged            |    62 |    16 ||    78
Block: Shield            |    67 |    27 ||    94
       Rpst.: Long sword |    19 |     3 ||    22
